 Dungeon Crawl Stone Soup version 0.28.0-43-g3370ac3207 (webtiles) character file.

Game seed: 2296688556418904533

1655 issech the Cudgeller (level 8, -3/79 HPs)
             Began as a Troll Monk on Mar 30, 2022.
             Slain by an orc warrior
             ... wielding a +0 rapier
              (14 damage)
             ... on level 5 of the Dungeon.
             The game lasted 00:21:30 (6581 turns).

issech the Cudgeller (Troll Monk)                   Turns: 6581, Time: 00:21:31

Health: -3/79      AC:  4    Str: 20    XL:     8   Next: 68%
Magic:  7/7        EV: 13    Int:  1    God:
Gold:   221        SH:  0    Dex: 19    Spells: 7/7 levels left

rFire   . . .      SeeInvis .   D - +0 morningstar
rCold   . . .      Faith    .   (no shield)
rNeg    + . .      Spirit   .   b - +0 robe
rPois   .          Reflect  .   (helmet restricted)
rElec   +          Harm     .   (no cloak)
rCorr   +          Rampage  .   (gloves unavailable)
Will    .....                   (boots unavailable)
Stlth   ++........              (no amulet)
HPRegen 1.03/turn               t - ring "Damnable Contraption" {rElec rN+ Int-5 Dex+5}
MPRegen 0.10/turn               v - ring of resist corrosion

@: no status effects
A: large, unfitting armour, claws 3, regeneration 1, shaggy fur 1, tough skin 1
a: no special abilities


You were on level 5 of the Dungeon.
You visited 2 branches of the dungeon, and saw 7 of its levels.

You collected 221 gold pieces.

Inventory:

Hand Weapons
 a - a +0 mace
 l - a +0 short sword of electrocution
 w - a +0 flail
 D - a +0 morningstar (weapon)
 F - a +0 hunting sling
Missiles
 c - 19 bolts
 d - 183 stones
 f - 97 sling bullets
 i - 89 arrows
 r - 13 poisoned darts
 y - 6 boomerangs (quivered)
Armour
 b - a +0 robe (worn)
 e - a scarf of invisibility
 I - a scarf of invisibility
Jewellery
 t - the ring "Damnable Contraption" (left claw) {rElec rN+ Int-5 Dex+5}
   (You found it on level 3 of the Dungeon)

   [ring of positive energy]

   Int:       It affects your intelligence (-5).
   Dex:       It affects your dexterity (+5).
   rElec:     It insulates you from electricity.
   rN:        It protects you from negative energy.
 v - a ring of resist corrosion (right claw)
Scrolls
 g - a scroll of enchant weapon
 j - a scroll of holy word
 m - 2 scrolls of teleportation
 n - 3 scrolls of magic mapping
 o - a scroll of noise
 s - a scroll of fog
 x - a scroll of immolation
 A - a scroll of torment
 B - a scroll of summoning
 E - 2 scrolls of silence
 G - a scroll of identify
Potions
 h - 2 potions of degeneration {unknown}
 k - a potion of magic {unknown}
 p - 2 potions of curing {unknown}
 q - 2 potions of attraction {unknown}
 u - a potion of cancellation {unknown}
 z - a potion of flight {unknown}
 C - a potion of brilliance {unknown}
 H - a potion of haste {unknown}


   Skills:
 + Level 4.7 Fighting
 + Level 7.1 Maces & Flails
 + Level 5.5 Dodging
 + Level 2.1 Stealth


You had 7 spell levels left.
You didn't know any spells.
Your spell library contained the following spells:

 Spells                   Type           Power      Damage    Failure   Level
 Animate Skeleton         Necr           0%         N/A       56%         1
 Apportation              Tloc           0%         N/A       56%         1
 Foxfire                  Conj/Fire      0%         2x1d4     56%         1
 Summon Small Mammal      Summ           0%         N/A       56%         1
 Conjure Flame            Conj/Fire      0%         6-21      91%         3
 Inner Flame              Hex/Fire       0%         N/A       91%         3
 Flame Wave               Conj/Fire      0%         2d4       100%        4


Dungeon Overview and Level Annotations

Branches:
Dungeon (6/15)             Temple (1/1) D:5

Altars:
Ashenzari
Cheibriados
Dithmenos
Elyvilon
Gozag
Kikubaaqudgha
Makhleb
Nemelex Xobeh
Okawaru
Qazlal
Ru
Sif Muna
Trog
Uskayaw
Vehumet
Xom
Yredelemnul
Zin
The Shining One


Innate Abilities, Weirdness & Mutations

You are too large for most types of armour.
You have claws for hands.
Your natural rate of healing is unusually fast.
You are covered in fur. (AC +1)
You have tough skin. (AC +1)


Message History

You closely miss the orc warrior. Your claw misses the orc warrior.
The orc warrior is almost dead.
The orc warrior hits you with a +0 rapier!
* * * LOW HITPOINT WARNING * * *
You completely miss the orc warrior.
The orc warrior is almost dead.
The orc warrior barely misses you. The orc warrior barely misses you.
The orc warrior hits you with a +0 rapier.
* * * LOW HITPOINT WARNING * * *
You barely miss the orc warrior.
The orc warrior is almost dead.
The orc warrior hits you with a +0 rapier!
You completely miss the orc warrior.
The orc warrior is almost dead.
The orc warrior closely misses you.
You closely miss the orc warrior.
The orc warrior is almost dead.
The orc warrior hits you with a +0 rapier.
You closely miss the orc warrior.
The orc warrior is almost dead.
The orc warrior hits you with a +0 rapier!
* * * LOW HITPOINT WARNING * * *
You hit the orc warrior but do no damage.
The orc warrior is severely wounded.
The orc warrior barely misses you.
You hit the orc warrior.
The orc warrior is almost dead.
The orc warrior hits you with a +0 rapier!
The orc warrior barely misses you.
You hit the orc warrior but do no damage.
The orc warrior is almost dead.
The orc warrior hits you with a +0 rapier.
* * * LOW HITPOINT WARNING * * *
You hit the orc warrior but do no damage.
The orc warrior is almost dead.
The orc warrior hits you with a +0 rapier!
* * * LOW HITPOINT WARNING * * *
The orc warrior hits you with a +0 rapier!
You die...

.........######.#..#..........#
.........#.........#.##########
########.#.###.....#........#
..# #.#.#................# ..#
#.#.#.#.....#........# ..#
#.#.#.#.....#........# ..#
##.#.#.#.....#........#
..#####^.......o...#........#
.....##..≈§§≈≈§§@..#........#
.....##.≈≈§§≈≈.....#........#
........≈§_§...8.############
.....#..≈≈≈≈≈≈...#
###......≈≈§§≈≈≈.#
#.###....§.....# #.#
##.#.#§#..##
#.####.#.#.#.#######
#........#.#.......#


You could see an orc warrior.

Vanquished Creatures
  Prince Ribbit (D:6)
  A black bear (D:6)
  A sky beast (D:6)
  2 necrophages
  An ogre (D:4)
  2 phantoms
  A bullfrog (D:5)
  2 water moccasin zombies
  A howler monkey (D:4)
  5 hounds
  An orc priest (D:6)
  A centaur skeleton (D:4)
  A jelly (D:6)
  An iguana (D:4)
  4 orc wizards
  A human skeleton (D:4)
  A hound zombie (D:3)
  A hound skeleton (D:5)
  A howler monkey zombie (D:3)
  9 adders
  A white imp (D:5)
  3 adder zombies
  An adder skeleton (D:3)
  3 worms
  19 orcs
  4 endoplasms
  14 goblins
  7 hobgoblins
  3 jackals (D:4)
  5 quokkas
  4 ball pythons
  3 ball python skeletons (D:3)
  7 bats
  5 frilled lizards
  A jackal skeleton (D:3)
  15 kobolds
  A quokka zombie (D:3)
  2 rats
136 creatures vanquished.

Vanquished Creatures (others)
  2 withered plants (D:3)
2 creatures vanquished.

Grand Total: 138 creatures vanquished

Notes
Turn   | Place    | Note
-------+----------+-------------------------------------------
     0 | D:1      | issech the Troll Monk began the quest for the Orb.
     0 | D:1      | Reached XP level 1. HP: 22/22 MP: 0/0
   928 | D:2      | Reached XP level 2. HP: 29/29 MP: 1/1
  1043 | D:2      | Reached skill level 3 in Maces & Flails
  1096 | D:2      | Reached XP level 3. HP: 32/36 MP: 2/2
  1138 | D:2      | Found a faded altar of an unknown god.
  1140 | D:2      | Noticed a floating eye
  1140 | D:2      | Noticed a shining eye
  1141 | D:2      | Noticed an eye of devastation
  1141 | D:2      | Noticed a floating eye
  1751 | D:2      | Reached XP level 4. HP: 21/45 MP: 3/3
  2215 | D:3      | Found a radiant altar of Vehumet.
  2678 | D:3      | Reached XP level 5. HP: 50/53 MP: 4/4
  2754 | D:3      | Identified the ring "Damnable Contraption" {rElec rN+ Int-5
                  | Dex+5}
  3037 | D:4      | Reached skill level 4 in Maces & Flails
  3211 | D:4      | Reached XP level 6. HP: 61/61 MP: 5/5
  3442 | D:4      | Reached skill level 5 in Maces & Flails
  3528 | D:4      | Reached XP level 7. HP: 67/68 MP: 6/6
  3798 | D:4      | Noticed a human
  3799 | D:4      | Found a runed translucent door.
  3803 | D:4      | Found a basalt altar of Yredelemnul.
  4579 | D:5      | Entered Level 5 of the Dungeon
  4683 | D:5      | Found a burning altar of Makhleb.
  4908 | D:6      | Reached skill level 6 in Maces & Flails
  5006 | D:6      | Reached XP level 8. HP: 56/78 MP: 7/7
  5432 | D:5      | Found a staircase to the Ecumenical Temple.
  5500 | Temple   | Entered the Ecumenical Temple
  6124 | D:6      | Noticed Prince Ribbit
  6135 | D:6      | Killed Prince Ribbit
  6136 | D:6      | Reached skill level 5 in Dodging
  6249 | D:6      | Reached skill level 7 in Maces & Flails
  6581 | D:5      | Slain by an orc warrior

Illustrated notes

Levels and vault maps discovered:
D:1:      scummos_arrival_checkerplants, layout_loops_ring,
          minmay_misc_feat_alley, serial_park_tiny_2,
          kennysheep_decorative_pillar, eino_curves_01, minmay_misc_feat_tiny,
          minivault_4
D:2:      layout_basic, hellmonk_ecumenical_altar_watching_god,
          minmay_pentomino_w4
D:3:      layout_basic, fiery_altar_vehumet, serial_undead, serial_undead_d,
          serial_undead_d, serial_undead_e, serial_undead_f, serial_undead_d,
          serial_undead_a, serial_undead_a
D:4:      corexii_shack_village, layout_layer_cave, dk_yredelemnul_ordeal
D:5:      layout_basic, mainiacjoe_overflow_catwalk,
          minmay_temple_entry_nine_rooms
D:6:      layout_rooms, kennysheep_flooded_box, uniq_prince_ribbit1
Temple:   regret_index_temple_sphere_string

Skill      XL: |  1  2  3  4  5  6  7  8 |
---------------+-------------------------+-----
Maces & Flails | 3 4 5 6 7 |  7.1
Dodging        | 3 4 5 |  5.5
Fighting       | 3 4 |  4.7
Stealth        | 2 |  2.1

Action                   |  1- 3 |  4- 6 |  7- 9 || total
-------------------------+-------+-------+-------++-------
Melee: Mace              |   144 |   171 |       ||   315
       Punch             |     2 |     1 |     8 ||    11
       Flail             |       |    84 |    72 ||   156
       Morningstar       |       |       |   153 ||   153
Throw: Boomerang         |       |       |     1 ||     1
  Use: Scroll            |       |       |    11 ||    11
 Stab: Sleeping          |       |     4 |     3 ||     7
Armor: Robe              |    62 |    95 |    66 ||   223
Dodge: Dodged            |    96 |   179 |   157 ||   432
